TOP OF THE 1ST |
Kingston Township Knights batting - Pitching for Brooklyn Dodgers : RHP Elroy Thompkins
|
Pitching: RHP Elroy Thompkins
|
|
Batting: LHB Ánibal Lima
|
0-0: Ball 1-0: Ball 2-0: Fly out, F9 (Flyball, 9D, EV 90.6 MPH)
|
Batting: RHB Daniel McCoy
|
0-0: Ball 1-0: Ground out 1-6-3 (Groundball, 15S, EV 107.5 MPH)
|
Batting: RHB Holden Ford
|
0-0: Called Strike 0-1: Ground out U3 (Groundball, 3S, EV 84.4 MPH)
|
Top of the 1st over - 0 runs, 0 hits, 0 errors, 0 left on base; Kingston Township 0 - Brooklyn 0 |
BOTTOM OF THE 1ST |
Brooklyn Dodgers batting - Pitching for Kingston Township Knights : LHP Chase Sims
|
Pitching: LHP Chase Sims
|
|
Batting: SHB Koryusai Ohayashi
|
0-0: Ball 1-0: Called Strike 1-1: Ball 2-1: Fly out, F8 (Flyball, 89D, EV 84.4 MPH)
|
Batting: SHB Fa-hsien Tze
|
0-0: Called Strike 0-1: SINGLE (Line Drive, 34, EV 97.5 MPH)
|
Batting: RHB Carlos Muñóz
|
0-0: Ball 1-0: Called Strike 1-1: Foul Ball, location: 2F 1-2: Fly out, F8 (Flyball, 8RS, EV 86.2 MPH)
|
Batting: RHB Phil McCroskey
|
0-0: Swinging Strike 0-1: Foul Ball, location: 2F 0-2: Ball 1-2: Ball 2-2: Ball 3-2: SINGLE (Groundball, 6MD, EV 101.2 MPH) Fa-hsien Tze to second Fa-hsien Tze to third
|
Batting: LHB Jung-joon Yi
|
0-0: SINGLE (Flyball, 78S, EV 85.6 MPH) Fa-hsien Tze scores Phil McCroskey to second
|
Batting: RHB Quindarious Monday
|
0-0: Ball 1-0: Called Strike 1-1: Foul Ball, location: 2F 1-2: Foul Ball, location: 2F 1-2: Foul Ball, location: 2F 1-2: Fielders Choice at 2nd, 5-4 (Groundball, 56, EV 79.4 MPH)
|
Bottom of the 1st over - 1 run, 3 hits, 0 errors, 2 left on base; Kingston Township 0 - Brooklyn 1 |
TOP OF THE 2ND |
Kingston Township Knights batting - Pitching for Brooklyn Dodgers : RHP Elroy Thompkins
|
Batting: LHB Ed Mellor
|
0-0: Called Strike 0-1: Foul Ball, location: 2F 0-2: Ball 1-2: Ball 2-2: Foul Ball, location: 2F 2-2: SINGLE (Groundball, 4MD, EV 100.0 MPH)
|
Batting: RHB Amor Campos
|
0-0: Called Strike 0-1: Ball 1-1: Foul Ball, location: 2F 1-2: Foul Ball, location: 2F 1-2: Ball 2-2: Foul Ball, location: 2F 2-2: Foul Ball, location: 2F 2-2: DOUBLE (Line Drive, 9LM, EV 100.0 MPH) Ed Mellor to third
|
Batting: RHB Jorge Ozezera
|
0-0: Foul Ball, location: 2F 0-1: Ball 1-1: Foul Ball, location: 2F 1-2: Strikes out swinging
|
Batting: RHB Tom Rowland
|
0-0: Called Strike 0-1: Called Strike 0-2: Ground out 6-3 (Groundball, 6S, EV 85.6 MPH) Ed Mellor scores Amor Campos to third
|
Batting: RHB Glenn Curtis
|
0-0: Ball 1-0: Swinging Strike 1-1: Ball 2-1: Foul Ball, location: 2F 2-2: Strikes out swinging
|
Top of the 2nd over - 1 run, 2 hits, 0 errors, 1 left on base; Kingston Township 1 - Brooklyn 1 |
BOTTOM OF THE 2ND |
Brooklyn Dodgers batting - Pitching for Kingston Township Knights : LHP Chase Sims
|
Batting: RHB Alexis Hines
|
0-0: Foul Ball, location: 2F 0-1: Ball 1-1: Swinging Strike 1-2: Ball 2-2: Ball 3-2: Foul Ball, location: 2F 3-2: Strikes out swinging
|
Batting: RHB Fytor Ceia
|
0-0: Foul Ball, location: 2F 0-1: Ball 1-1: Called Strike 1-2: Ball 2-2: Ground out 6-3 (Groundball, 6S, EV 90.6 MPH)
|
Batting: RHB Emerson Horton
|
0-0: Swinging Strike 0-1: Foul Ball, location: 2F 0-2: Ball 1-2: Ball 2-2: Ball 3-2: Strikes out swinging
|
Bottom of the 2nd over - 0 runs, 0 hits, 0 errors, 0 left on base; Kingston Township 1 - Brooklyn 1 |
TOP OF THE 3RD |
Kingston Township Knights batting - Pitching for Brooklyn Dodgers : RHP Elroy Thompkins
|
Batting: RHB Dylan Oram
|
0-0: Ground out 6-3 (Groundball, 6, EV 90.0 MPH)
|
Batting: LHB Ánibal Lima
|
0-0: Called Strike 0-1: Foul Ball, location: 2F 0-2: Ball 1-2: Strikes out swinging
|
Batting: RHB Daniel McCoy
|
0-0: Ball 1-0: Ball 2-0: Fly out, F9 (Flyball, 9LDF, EV 88.8 MPH)
|
Top of the 3rd over - 0 runs, 0 hits, 0 errors, 0 left on base; Kingston Township 1 - Brooklyn 1 |
BOTTOM OF THE 3RD |
Brooklyn Dodgers batting - Pitching for Kingston Township Knights : LHP Chase Sims
|
Batting: SHB Koryusai Ohayashi
|
0-0: Ground out 6-3 (Groundball, 6, EV 83.8 MPH)
|
Batting: SHB Fa-hsien Tze
|
0-0: Ball 1-0: Fly out, F9 (Flyball, 9, EV 96.2 MPH)
|
Batting: RHB Carlos Muñóz
|
0-0: Ball 1-0: Foul Ball, location: 2F 1-1: Ball 2-1: Ball 3-1: Foul Ball, location: 2F 3-2: Strikes out looking
|
Bottom of the 3rd over - 0 runs, 0 hits, 0 errors, 0 left on base; Kingston Township 1 - Brooklyn 1 |
TOP OF THE 4TH |
Kingston Township Knights batting - Pitching for Brooklyn Dodgers : RHP Elroy Thompkins
|
Batting: RHB Holden Ford
|
0-0: Fly out, F8 (Flyball, 8RS, EV 86.2 MPH)
|
Batting: LHB Ed Mellor
|
0-0: Foul Ball, location: 2F 0-1: Fly out, F6 (Flyball, 6D, EV 78.8 MPH)
|
Batting: RHB Amor Campos
|
0-0: Called Strike 0-1: Foul Ball, location: 2F 0-2: Foul Ball, location: 2F 0-2: Ball 1-2: Foul Ball, location: 2F 1-2: Foul Ball, location: 2F 1-2: Ground out 5-3 (Groundball, 5, EV 81.9 MPH)
|
Top of the 4th over - 0 runs, 0 hits, 0 errors, 0 left on base; Kingston Township 1 - Brooklyn 1 |
BOTTOM OF THE 4TH |
Brooklyn Dodgers batting - Pitching for Kingston Township Knights : LHP Chase Sims
|
Batting: RHB Phil McCroskey
|
0-0: Foul Ball, location: 2F 0-1: Called Strike 0-2: Strikes out looking
|
Batting: LHB Jung-joon Yi
|
0-0: Foul Ball, location: 2F 0-1: Called Strike 0-2: Reached on error, E2 (Groundball, 2L, EV 64.4 MPH)
|
Batting: RHB Quindarious Monday
|
0-0: Ball 1-0: Ball 2-0: Fly out, F8 (Flyball, 8RS, EV 83.1 MPH)
|
Batting: RHB Alexis Hines
|
0-0: Ball 1-0: Ball 2-0: Ball 3-0: Called Strike 3-1: Foul Ball, location: 2F 3-2: Ground out 5-3 (Groundball, 56S, EV 70.0 MPH)
|
Bottom of the 4th over - 0 runs, 0 hits, 1 error, 1 left on base; Kingston Township 1 - Brooklyn 1 |
TOP OF THE 5TH |
Kingston Township Knights batting - Pitching for Brooklyn Dodgers : RHP Elroy Thompkins
|
Batting: RHB Jorge Ozezera
|
0-0: SINGLE (Line Drive, 56D, EV 106.9 MPH)
|
Batting: RHB Tom Rowland
|
0-0: Called Strike 0-1: Ball 1-1: Grounds into double play, 6-4-3 (Groundball, 56, EV 103.8 MPH)
|
Batting: RHB Glenn Curtis
|
0-0: Ball 1-0: Swinging Strike 1-1: Ball 2-1: Ground out 4-3 (Groundball, 4, EV 78.8 MPH)
|
Top of the 5th over - 0 runs, 1 hit, 0 errors, 0 left on base; Kingston Township 1 - Brooklyn 1 |
BOTTOM OF THE 5TH |
Brooklyn Dodgers batting - Pitching for Kingston Township Knights : LHP Chase Sims
|
Batting: RHB Fytor Ceia
|
0-0: Called Strike 0-1: Called Strike 0-2: Strikes out swinging
|
Batting: RHB Emerson Horton
|
0-0: Ball 1-0: SINGLE (Groundball, 56, EV 97.5 MPH)
|
Batting: SHB Koryusai Ohayashi
|
0-0: Ball 1-0: Ground out 5-3 (Groundball, 25, EV 67.5 MPH) Emerson Horton to second
|
Batting: SHB Fa-hsien Tze
|
0-0: SINGLE (Line Drive, 89M, EV 96.9 MPH) Emerson Horton to third
|
Batting: RHB Carlos Muñóz
|
0-0: Ball 1-0: Foul Ball, location: 2F 1-1: Ball 2-1: Called Strike 2-2: Ground out 1-3 (Groundball, 13S, EV 66.2 MPH)
|
Bottom of the 5th over - 0 runs, 2 hits, 0 errors, 2 left on base; Kingston Township 1 - Brooklyn 1 |
TOP OF THE 6TH |
Kingston Township Knights batting - Pitching for Brooklyn Dodgers : RHP Elroy Thompkins
|
Batting: RHB Dylan Oram
|
0-0: Ball 1-0: Called Strike 1-1: Called Strike 1-2: Ground out 6-3 (Groundball, 6, EV 87.5 MPH)
|
Batting: LHB Ánibal Lima
|
0-0: Foul Ball, location: 2F 0-1: Bunt for hit to P - play at first, batter OUT! 1-3
|
Batting: RHB Daniel McCoy
|
0-0: Ball 1-0: Ball 2-0: Called Strike 2-1: Ball 3-1: Base on Balls
|
Batting: RHB Holden Ford
|
0-0: Ball 1-0: Foul Ball, location: 2F 1-1: Called Strike 1-2: Ball 2-2: Strikes out swinging
|
Top of the 6th over - 0 runs, 0 hits, 0 errors, 1 left on base; Kingston Township 1 - Brooklyn 1 |
BOTTOM OF THE 6TH |
Brooklyn Dodgers batting - Pitching for Kingston Township Knights : LHP Chase Sims
|
Batting: RHB Phil McCroskey
|
0-0: Called Strike 0-1: Called Strike 0-2: Ball 1-2: Ball 2-2: Foul Ball, location: 2F 2-2: Reached on error, E4 (Groundball, 4, EV 102.5 MPH)
|
Batting: LHB Jung-joon Yi
|
0-0: Called Strike 0-1: Ball 1-1: Ball 2-1: Ground out U3 (Groundball, 3, EV 76.9 MPH) Phil McCroskey to third
|
Batting: RHB Quindarious Monday
|
0-0: Intentional Walk
|
Batting: RHB Alexis Hines
|
0-0: Fly out, F8 (Flyball, 89D, EV 88.1 MPH) Runner from 3rd tags up, SCORES, throw by CF
|
Batting: RHB Fytor Ceia
|
0-0: Ball Quindarious Monday steals 2nd, throwing error, E2 Quindarious Monday to third 1-0: Swinging Strike 1-1: Fly out, F7 (Flyball, 7, EV 95.0 MPH)
|
Bottom of the 6th over - 1 run, 0 hits, 2 errors, 1 left on base; Kingston Township 1 - Brooklyn 2 |
TOP OF THE 7TH |
Kingston Township Knights batting - Pitching for Brooklyn Dodgers : RHP Elroy Thompkins
|
Batting: LHB Ed Mellor
|
0-0: Ball 1-0: Called Strike 1-1: Fly out, F6 (Popup, 6S, EV 73.8 MPH)
|
Batting: RHB Amor Campos
|
0-0: Ball 1-0: Foul Ball, location: 2F 1-1: Called Strike 1-2: Foul Ball, location: 2F 1-2: Ball 2-2: Ball 3-2: DOUBLE (Line Drive, 89D, EV 102.5 MPH)
|
Batting: RHB Jorge Ozezera
|
0-0: Ball 1-0: Called Strike 1-1: Ball 2-1: Ball 3-1: Base on Balls
|
Batting: RHB Tom Rowland
|
0-0: Ball 1-0: Foul Ball, location: 2F 1-1: Ball 2-1: Swinging Strike 2-2: Fielders Choice at 2nd, 5-4 (Groundball, 56, EV 77.5 MPH) Amor Campos to third
|
Batting: RHB Glenn Curtis
|
0-0: Called Strike 0-1: Foul Ball, location: 2F 0-2: Strikes out looking
|
Top of the 7th over - 0 runs, 1 hit, 0 errors, 2 left on base; Kingston Township 1 - Brooklyn 2 |
BOTTOM OF THE 7TH |
Brooklyn Dodgers batting - Pitching for Kingston Township Knights : LHP Chase Sims
|
Batting: RHB Emerson Horton
|
0-0: Swinging Strike 0-1: Ball 1-1: Ball 2-1: Ball 3-1: Foul Ball, location: 2F 3-2: Foul Ball, location: 2F 3-2: Base on Balls
|
Batting: SHB Koryusai Ohayashi
|
0-0: Bunted foul 0-1: Bunted foul 0-2: Ball 1-2: Foul Ball, location: 2F 1-2: Strikes out swinging
|
Pitching: RHP Jacob Messer
|
|
Batting: SHB Fa-hsien Tze
|
0-0: Called Strike 0-1: Ball 1-1: SINGLE (Groundball, 4D, EV 104.4 MPH) Emerson Horton to second Runner from 2nd tries for 3rd, SAFE, throw by CF made to third
|
Batting: RHB Carlos Muñóz
|
0-0: Ball 1-0: Called Strike 1-1: Ball 2-1: Ball 3-1: Foul Ball, location: 2F 3-2: 3-RUN HOME RUN (Flyball, 7LD, EV 105.0 MPH), Distance : 354 ft
|
Batting: RHB Phil McCroskey
|
0-0: Called Strike 0-1: Ball 1-1: Ball 2-1: Fly out, F3 (Popup, 3SF, EV 71.2 MPH)
|
Batting: LHB Jung-joon Yi
|
0-0: Ball 1-0: Foul Ball, location: 2F 1-1: Swinging Strike 1-2: Strikes out swinging
|
Bottom of the 7th over - 3 runs, 2 hits, 0 errors, 0 left on base; Kingston Township 1 - Brooklyn 5 |
TOP OF THE 8TH |
Kingston Township Knights batting - Pitching for Brooklyn Dodgers : RHP Elroy Thompkins
|
Batting: RHB Dylan Oram
|
0-0: Called Strike 0-1: Ball 1-1: Ball 2-1: Ball 3-1: Swinging Strike 3-2: Strikes out swinging
|
Batting: LHB Ánibal Lima
|
0-0: Ball 1-0: Ball 2-0: Ball 3-0: Base on Balls
|
Pitching: RHP Tom DeHart
|
|
Batting: RHB Daniel McCoy
|
0-0: Called Strike 0-1: Ball 1-1: SINGLE (Line Drive, 7S, EV 95.6 MPH) Ánibal Lima to second
|
Batting: RHB Holden Ford
|
0-0: Called Strike 0-1: Ball 1-1: Swinging Strike 1-2: Strikes out swinging
|
Batting: LHB Ed Mellor
|
0-0: Ball 1-0: Reached on error, E7 (Flyball, 7D, EV 99.4 MPH) Ánibal Lima scores Daniel McCoy to third
|
Batting: RHB Amor Campos
|
0-0: Ball 1-0: Ball 2-0: Foul Ball, location: 2F 2-1: Fly out, F5 (Popup, 5S, EV 85.6 MPH)
|
Top of the 8th over - 1 run, 1 hit, 1 error, 2 left on base; Kingston Township 2 - Brooklyn 5 |
BOTTOM OF THE 8TH |
Brooklyn Dodgers batting - Pitching for Kingston Township Knights : RHP Jacob Messer
|
Batting: RHB Quindarious Monday
|
0-0: Foul Ball, location: 2F 0-1: SOLO HOME RUN (Flyball, 7LD, EV 99.4 MPH), Distance : 335 ft
|
Pitching: RHP Jack Salt
|
|
Batting: RHB Alexis Hines
|
0-0: Called Strike 0-1: Ball 1-1: Ball 2-1: Foul Ball, location: 2F 2-2: Foul Ball, location: 2F 2-2: Ball 3-2: Strikes out swinging
|
Batting: RHB Fytor Ceia
|
0-0: Ball 1-0: Ball 2-0: Swinging Strike 2-1: Ground out 1-3 (Groundball, 13, EV 76.2 MPH)
|
Batting: RHB Emerson Horton
|
0-0: Ball 1-0: Called Strike 1-1: Foul Ball, location: 2F 1-2: Foul Ball, location: 2F 1-2: Ball 2-2: Ball 3-2: Strikes out looking
|
Bottom of the 8th over - 1 run, 1 hit, 0 errors, 0 left on base; Kingston Township 2 - Brooklyn 6 |
TOP OF THE 9TH |
Kingston Township Knights batting - Pitching for Brooklyn Dodgers : RHP Tom DeHart
|
Batting: RHB Jorge Ozezera
|
0-0: Ball 1-0: Ball 2-0: Ball 3-0: Called Strike 3-1: Foul Ball, location: 2F 3-2: Strikes out swinging
|
Batting: RHB Tom Rowland
|
0-0: Foul Ball, location: 2F 0-1: Foul Ball, location: 2F 0-2: SINGLE (Groundball, 6MS, EV 63.1 MPH) (infield hit)
|
Batting: RHB Glenn Curtis
|
0-0: Called Strike 0-1: Foul Ball, location: 2F 0-2: Foul Ball, location: 2F 0-2: Foul Ball, location: 2F 0-2: Foul Ball, location: 2F 0-2: Foul Ball, location: 2F 0-2: Strikes out swinging
|
Batting: RHB Dylan Oram
|
0-0: Foul Ball, location: 2F 0-1: Ball 1-1: SINGLE (Groundball, 6D, EV 106.9 MPH) Tom Rowland to second
|
Pitching: LHP José Sipe
|
|
Batting: LHB Ánibal Lima
|
0-0: Ball 1-0: Called Strike 1-1: Foul Ball, location: 2F 1-2: Ball 2-2: Strikes out swinging
|
Top of the 9th over - 0 runs, 2 hits, 0 errors, 2 left on base; Kingston Township 2 - Brooklyn 6 |
|